 Dungeon Crawl Stone Soup version 0.30.1-11-g7821555f0a (webtiles) character file.

Game seed: 272293000781446441

40 booth the Trooper (level 3, 0/29 HPs)
             Began as a Demonspawn Monk on Nov 6, 2023.
             Slain by a hobgoblin (4 damage)
             ... led by Robin
             ... on level 2 of the Dungeon.
             The game lasted 00:04:50 (885 turns).

booth the Trooper (Demonspawn Monk)                  Turns: 885, Time: 00:04:51

Health: 0/29       AC:  4    Str: 13    XL:     3   Next: 30%
Magic:  3/3        EV: 13    Int: 11    God:
Gold:   33         SH:  0    Dex: 15    Spells: 2/2 levels left

rFire   . . .        a - +1 hand axe
rCold   . . .        d - orb {light}
rNeg    . . .        g - +0 leather armour
rPois   .            (no helmet)
rElec   .            (no cloak)
rCorr   .            f - +0 pair of gloves
SInv    .            (no boots)
Will    .....        (no amulet)
Stlth   +            (no ring)
HPRegen 0.24/turn    (no ring)
MPRegen 0.08/turn

%: no passive effects
@: glowing
A: sturdy frame 1
a: no special abilities


You were on level 2 of the Dungeon.
You visited 1 branch of the dungeon, and saw 2 of its levels.

You collected 33 gold pieces.

Inventory:

Hand Weapons
 a - a +1 hand axe (weapon)
Armour
 d - an orb of light (worn)
 f - a +0 pair of gloves (worn)
 g - a +0 leather armour (worn)
Potions
 c - a potion of ambrosia
 h - a potion of attraction {unknown}
 j - a potion of lignification {unknown}
 k - a potion of degeneration {unknown}


   Skills:
 + Level 3.4 Fighting
 * Level 3.2 Axes
 + Level 0.6 Throwing
 + Level 3.1 Dodging


You had 2 spell levels left.
You didn't know any spells.
Your spell library was empty.

Dungeon Overview and Level Annotations

Branches:
Dungeon (2/15)

Altars:

Annotations:
D:2 Robin


Innate Abilities, Weirdness & Mutations

Your movements are slightly less encumbered by armour. (ER -2)


Message History

You kill the goblin!
You barely miss the goblin. The goblin hits you with a +0 dagger.
The goblin hits you but does no damage.
You hit the goblin.
You kill the goblin!
You hit the hobgoblin. You hit the goblin. x2
The goblin hits you with a +0 club.
The hobgoblin hits you but does no damage.
The goblin hits you with a +0 dagger.
You barely miss the goblin. You completely miss the hobgoblin.
You hit the goblin.
You kill the goblin!
You hit the goblin.
You kill the goblin!
Robin throws the goblin at you! The hobgoblin hits you.
The goblin hits you with a +0 club. The goblin closely misses you.
You hit the goblin.
The goblin is severely wounded.
You hit the hobgoblin but do no damage. You hit the goblin.
You kill the goblin!
Robin barely misses you. The hobgoblin hits you.
* * * LOW HITPOINT WARNING * * *
The goblin barely misses you.
You barely miss the hobgoblin.
The hobgoblin is heavily wounded.
You hit the goblin.
You kill the goblin!
The hobgoblin barely misses you. Robin barely misses you.
The hobgoblin hits you.
* * * LOW HITPOINT WARNING * * *
Robin misses you.
Items here: )))))) †.
You hit Robin.
Robin is heavily wounded.
You hit the hobgoblin but do no damage. The hobgoblin closely misses you.
Robin closely misses you.
You hit Robin.
Robin is heavily wounded.
You hit the hobgoblin. The hobgoblin hits you.
You die...

# #.# ###
####.#.# ....
....#.. ..###
...... ......
#.#.##......
###.........>
#...)g)#..#...
#....<@g......
#.....)#.##...
#......# #
#.......
#........
#......#.#
.....##.#.#
..... ..###


You could see Robin and a hobgoblin (strong).

Vanquished Creatures
  A dart slug (D:1)
  A ball python (D:1)
  A bat (D:1)
  2 endoplasms (D:1)
  A giant cockroach (D:1)
  12 goblins
  2 hobgoblins (D:1)
  6 jackals (D:1)
  2 kobolds (D:1)
  2 frilled lizards (D:1)
  A rat (D:1)
31 creatures vanquished.

Notes
Turn   | Place    | Note
-------+----------+-------------------------------------------
     0 | D:1      | booth the Demonspawn Monk began the quest for the Orb.
     0 | D:1      | Reached XP level 1. HP: 18/18 MP: 1/1
   166 | D:1      | Gained mutation: Your movements are slightly less
                  | encumbered by armour. (ER -2) [demonic ancestry]
   166 | D:1      | Reached XP level 2. HP: 21/24 MP: 2/2
   484 | D:1      | Found a faded altar of an unknown god.
   706 | D:1      | Reached XP level 3. HP: 29/29 MP: 3/3
   871 | D:2      | Noticed Robin
   885 | D:2      | Slain by a hobgoblin

Illustrated notes

Levels and vault maps discovered:
D:1:      dpeg_arrival_lava_altar, layout_loops_ring,
          ebering_ecumenical_altar_sacrificial, minivault_19
D:2:      layout_basic, uniq_robin

Skill      XL: |  1  2 |
---------------+-------+-----
Axes           | 3 |  3.2
Dodging        | 3 |  3.1
Fighting       | |  3.4
Throwing       | |  0.6

Action                     || total
---------------------------++-------
  Melee: Hand axe          ||    76
    Use: Scroll            ||     3
 Armour: Robe              ||    12
         Leather armour    ||     6
  Dodge: Dodged            ||    49
